 Dungeon Crawl Stone Soup version 0.30.1-11-g7821555f0a (webtiles) character file.

Game seed: 13102224592751597360

1985 anacleto the Cleaver (level 9, -9/72 (78) HPs)
             Began as a Minotaur Berserker on Dec 30, 2023.
             Was a Priest of Trog.
             Mangled by a wight
             ... wielding a +4 great sword of freezing
              (15 damage)
             ... on level 7 of the Dungeon.
             The game lasted 00:11:05 (5211 turns).

anacleto the Cleaver (Minotaur Berserker)           Turns: 5211, Time: 00:11:06

HP:   -9/72 (78)    AC: 12    Str: 26    XL:     9   Next: 1%
MP:   8/8           EV: 10    Int:  4    God:    Trog [***...]
Gold: 293           SH:  0    Dex: 10    Spells: 8/8 levels left

rFire   . . .        a - +0 war axe
rCold   . . .        (no shield)
rNeg    . . .        c - +0 chain mail
rPois   .            (helmet restricted)
rElec   .            x - +0 cloak
rCorr   .            (no gloves)
SInv    +            u - +0 pair of boots
Will    .....        (no amulet) Stlth
                     b - ring of see invisible
HPRegen 0.32/turn    (no ring)
MPRegen 0.11/turn

%: no passive effects
@: about to teleport, on berserk cooldown, slowed, drained, very slow
A: horns 2, retaliatory headbutt
a: Renounce Religion, Berserk, Trog's Hand


You were on level 7 of the Dungeon.
You worshipped Trog.
Trog was most pleased with you.
You visited 1 branch of the dungeon, and saw 7 of its levels.

You collected 406 gold pieces.
You spent 113 gold pieces at shops.

Inventory:

Hand Weapons
 a - a +0 war axe (weapon)
 B - a +4 vampiric war axe
Missiles
 k - 4 boomerangs (quivered)
 o - 6 poisoned darts
 y - 2 atropa-tipped darts
Armour
 c - a +0 chain mail (worn)
 s - a +0 robe
 u - a +0 pair of boots (worn)
 x - a +0 cloak (worn)
Jewellery
 b - a ring of see invisible (left hand)
 g - a ring of protection from fire
 w - a ring of positive energy
Wands
 r - a wand of iceblast (10)
Scrolls
 d - 3 scrolls of fog {unknown}
 e - 3 scrolls of teleportation
 f - a scroll of blinking {unknown}
 h - a scroll of amnesia {unknown}
 i - 3 scrolls of fear {unknown}
 j - 4 scrolls of identify {unknown}
 m - a scroll of brand weapon {unknown}
 q - a scroll of enchant weapon {unknown}
 t - a scroll of immolation {unknown}
Potions
 l - 2 potions of curing
 n - 4 potions of might {unknown}
 p - 3 potions of attraction {unknown}
 v - 2 potions of mutation {unknown}
 z - 2 potions of brilliance {unknown}
 A - a potion of haste {unknown}


   Skills:
 + Level 6.9 Fighting
 * Level 9.0 Axes
 + Level 4.2 Throwing
 + Level 6.2 Armour
 + Level 5.6 Dodging


You had 8 spell levels left.
You didn't know any spells.
Your spell library was empty.

Dungeon Overview and Level Annotations

Branches:
Dungeon (7/15)             Temple (0/1) D:4

Altars:
Cheibriados
Gozag
Kikubaaqudgha
Qazlal

Shops:
D:4 *


Innate Abilities, Weirdness & Mutations

You have a pair of horns on your head.
You reflexively headbutt those who attack you in melee.


Message History

Trog accepts your kill.
l - 3 pink potions (gained 1)
Items here: ))) [[ †.
k - 4 boomerangs (gained 3)
Items here: )) [[.
Items here: )) [[.
Okay, then.
There is a stone staircase leading up here.
A wight comes into view.
It is wielding a +4 great sword of freezing.
The wight moves out of view.
A wight comes into view. It is wielding a +0 great sword.
The wight misses you.
The wight hits you with a +4 great sword of freezing!
The wight freezes you.
You see here a +4 vampiric war axe.
B - a +4 vampiric war axe The wight hits you with a +4 great sword of freezing!
The wight freezes you.
The wight hits you but does no damage. x2
It was a potion of curing.
You feel better.
The wight hits you with a +4 great sword of freezing!
You feel drained. The wight freezes you.
The wight hits you with a +0 great sword!
* * * LOW HITPOINT WARNING * * *
You feel drained.
* * * LOW HITPOINT WARNING * * *
As you read the scroll of teleportation, it crumbles to dust.
You feel strangely unstable. The wight closely misses you.
The wight misses you. You furiously retaliate!
You headbutt the wight.
The wight hits you with a +0 great sword.
* * * LOW HITPOINT WARNING * * *
The wight misses you. The wight attacks as you move away!
The wight hits you with a +4 great sword of freezing.
* * * LOW HITPOINT WARNING * * *
The wight freezes you.
* * * LOW HITPOINT WARNING * * *
The wight barely misses you. The wight misses you. You furiously retaliate!
You headbutt the wight.
The wight hits you with a +4 great sword of freezing!
You die...

#.# ..... ..# #...#
###.### ... ##...... ...
##.......
##.####........ .
#...##.........
....#######.##<.).......
.......@z.....#.))......
###.....z..######).#####
##.......#.....[..#
##............$..#
#.......#........#
.........#........#
..........#........#
...................#
...............####


You could see 2 wights.

Vanquished Creatures
  Maggie (D:7)
  A water moccasin (D:6)
  A sky beast (D:6)
  An orc warrior (D:7)
  An ice beast (D:5)
  3 ogres
  A phantom (D:4)
  A bullfrog (D:6)
  A gnoll sergeant (D:6)
  A scorpion (D:6)
  3 wights
  A howler monkey (D:4)
  A jelly (D:5)
  2 orc priests (D:6)
  2 hounds
  6 orc wizards
  4 iguanas
  5 gnolls (D:6)
  4 adders
  A white imp (D:5)
  2 ufetubi
  3 worms
  6 dart slugs
  24 orcs
  7 endoplasms
  3 giant cockroaches
  7 goblins
  5 hobgoblins
  3 jackals (D:3)
  2 quokkas (D:1)
  6 ball pythons
  2 bats
  3 frilled lizards
  4 kobolds
  3 rats (D:1)
121 creatures vanquished.

Notes
Turn   | Place    | Note
-------+----------+-------------------------------------------
     0 | D:1      | anacleto the Minotaur Berserker began the quest for the
                  | Orb.
     0 | D:1      | Reached XP level 1. HP: 19/19 MP: 0/0
   122 | D:1      | Reached XP level 2. HP: 22/27 MP: 1/1
   287 | D:1      | Reached skill level 4 in Axes
   717 | D:2      | Reached XP level 3. HP: 33/33 MP: 2/2
   871 | D:2      | Reached ** piety under Trog
  1337 | D:3      | Noticed an ogre
  1346 | D:3      | Killed an ogre
  1347 | D:3      | Reached skill level 1 in Throwing
  1347 | D:3      | Reached XP level 4. HP: 41/41 MP: 3/3
  1347 | D:3      | Reached XP level 5. HP: 47/47 MP: 4/4
  1419 | D:3      | Found a faded altar of an unknown god.
  1498 | D:3      | Found an ancient bone altar of Kikubaaqudgha.
  1808 | D:3      | Reached skill level 5 in Axes
  2268 | D:4      | Noticed a phantom
  2277 | D:4      | Killed a phantom
  2278 | D:4      | Reached XP level 6. HP: 55/55 MP: 5/5
  2310 | D:4      | Found an opulent altar of Gozag.
  2345 | D:4      | Found a staircase to the Ecumenical Temple.
  2449 | D:4      | Reached skill level 5 in Fighting
  2566 | D:4      | Found Apakhluje's Assorted Antiques.
  2574 | D:4      | Bought a lead wand for 68 gold pieces
  2574 | D:4      | Bought a robe for 11 gold pieces
  2574 | D:4      | Bought a scroll labelled INOLIR ARUOPP for 17 gold pieces
  2574 | D:4      | Bought a scroll labelled IMAFOU YKHE for 17 gold pieces
  2661 | D:5      | Entered Level 5 of the Dungeon
  2682 | D:5      | Reached skill level 6 in Axes
  2904 | D:5      | Noticed an ice beast
  2912 | D:5      | Killed an ice beast
  2913 | D:5      | Reached XP level 7. HP: 61/61 MP: 6/6
  3155 | D:5      | Found a stormy altar of Qazlal.
  3448 | D:6      | Identified the +8 rapier of Compound Interest {freeze,
                  | Int+4 Dex+3}
  3507 | D:6      | Reached skill level 7 in Axes
  3664 | D:6      | Reached skill level 5 in Armour
  3731 | D:6      | Reached XP level 8. HP: 70/70 MP: 7/7
  4320 | D:6      | Reached skill level 5 in Dodging
  4333 | D:6      | Reached *** piety under Trog
  4334 | D:6      | Reached skill level 8 in Axes
  4527 | D:6      | Found a snail-covered altar of Cheibriados.
  4861 | D:7      | Noticed Maggie
  4873 | D:7      | Killed Maggie
  5186 | D:7      | Reached skill level 9 in Axes
  5186 | D:7      | Reached XP level 9. HP: 78/78 MP: 8/8
  5211 | D:7      | Mangled by a wight

Illustrated notes

Levels and vault maps discovered:
D:1:      psy_arrival_dodecagon, layout_basic, st_stairs_1,
          minmay_close_crescents
D:2:      layout_basic, minivault_25, grunt_decor_fettered
D:3:      layout_basic, nicolae_kikubaaqudgha_miasma_corner,
          shapermc_ecumenical_altar_mp_urbaneastern, st_stairs_6
D:4:      layout_rooms, nicolae_overflow_hidden_temple,
          minmay_temple_entry_junction, serial_shops, shop, grunt_ministairs_6,
          minmay_misc_feat_pillars
D:5:      layout_cave_pools, grunt_qazlal_clouds, minivault_5
D:6:      layout_loops_corners, lemuel_doored_altar, minmay_misc_feat_iff
D:7:      layout_rooms, kennysheep_little_box, amethyst_overflow_temple_binary,
          serial_demonic, serial_demonic_g, serial_demonic_a, serial_demonic_c,
          serial_demonic_b, serial_demonic_c, serial_demonic_e,
          serial_demonic_d, nicolae_figureground_sparkle, uniq_maggie

Skill      XL: |  1  2  3  4  5  6  7  8 |
---------------+-------------------------+-----
Axes           | 4 5 6 7 9 |  9.0
Fighting       | 4 5 6 |  6.9
Armour         | 3 4 5 6 |  6.2
Throwing       | 1 2 3 4 |  4.2
Dodging        | 3 4 5 |  5.6

Action                     |  1- 3 |  4- 6 |  7- 9 || total
---------------------------+-------+-------+-------++-------
  Melee: Hand axe          |    82 |    13 |       ||    95
         Headbutt          |     8 |    12 |    24 ||    44
         War axe           |       |    67 |   153 ||   220
         Punch             |       |     1 |     2 ||     3
  Throw: Boomerang         |     7 |     2 |       ||     9
 Invoke: Berserk           |     2 |     4 |     7 ||    13
  Evoke: Wand              |       |       |     3 ||     3
    Use: Scroll            |       |       |     2 ||     2
         Potion            |       |       |     1 ||     1
 Armour: Chain mail        |    50 |    39 |    74 ||   163
  Dodge: Dodged            |    44 |    34 |    76 ||   154
